 Dungeon Crawl Stone Soup version 0.31-a0-271-gb88eb75e06 (webtiles) character file.

Game seed: 11525020549051427156

181117 ragingrage the Brawler (level 17, -7/207 (216) HPs)
             Began as a Troll Shapeshifter on July 14, 2023.
             Was the Champion of Ru.
             Splashed by a goliath frog's acid (10 damage)
             ... on level 2 of the Swamp.
             The game lasted 00:46:07 (28381 turns).

ragingrage the Brawler (Troll Shapeshifter)        Turns: 28381, Time: 00:46:08

HP:   -7/207 (216)  AC: 11    Str: 38    XL:     17   Next: 66%
MP:   9/16          EV:  9    Int:  4    God:    Ru [******]
Gold: 2680          SH:  5    Dex: 10    Spells: 16/16 levels left

rFire   . .          .
                       - Unarmed
rCold   . . .        (shield currently unavailable)
rNeg    . . .        X - melded +0 toga "Victory" {*Victory Clar}
rPois   +            H - melded +0 hat {Stlth+}
rElec   .            L - melded +2 cloak {Will+}
rCorr   .            (gloves unavailable)
SInv    .            (boots unavailable)
Will    +....        P - amulet of reflection Stlth
                     q - +4 ring of protection
HPRegen 1.34/turn    Z - ring of poison resistance
MPRegen 0.15/turn

%: reflection
@: exhausted, snake-form, marked, corroded, extremely horrified, slowed,
studying 2 skills, lightly drained, very slow
A: constrict, amphibious, boosted hp, large, unfitting armour, (claws 3),
regeneration 1, (shaggy fur 1), (tough skin 1), no stealth, hated by all,
cowardly, inability to train dodging, inability to train armour
a: Begin Untransformation, Renounce Religion, Draw Out Power, Power Leap,
Apocalypse


You were on level 2 of the Swamp.
You worshipped Ru.
Ru was exalted by your worship.
You were an enormous anaconda.
You visited 6 branches of the dungeon, and saw 28 of its levels.
You also visited: Ossuary, Bailey, Gauntlet, Ice Cave and Volcano.

You collected 3237 gold pieces.
You spent 557 gold pieces at shops.

Inventory:

Missiles
 c - 2 throwing nets
 n - 2 javelins
 o - 31 boomerangs (quivered)
 t - 26 curare-tipped darts
 O - 4 silver javelins
 S - 22 large rocks
Armour
 F - a scarf of resistance
 H - a +0 hat of stealth (melded)
 L - a +2 cloak of willpower (melded)
 R - a +2 troll leather armour {Snorg}
 X - the +0 toga "Victory" (melded) {*Victory Clar}
   (You found it on level 12 of the Dungeon)

   *Victory:  When the wearer kills a threatening monster, it has a chance to
   gain +1 AC, +1 Slay, and +1 Int, capping at +7.
   When the wearer uses a scroll or a potion with a hostile monster in sight,
   its bonuses reset to +0.
   Unequipping it also resets its bonuses to +0.
   Clar:      It protects you from confusion, rage, mesmerisation and fear.
Jewellery
 i - a +4 ring of slaying
 l - a ring of protection from fire
 q - a +4 ring of protection (left hand)
 I - a ring of protection from cold
 P - an amulet of reflection (around neck)
 T - a ring of see invisible
 Z - a ring of poison resistance (right hand)
Talismans
 C - a serpent talisman
 J - a blade talisman
Wands
 a - a wand of flame (8)
 g - a wand of polymorph (6)
 E - a wand of roots (8)
 W - a wand of light (11)
 Y - a wand of mindburst (11)
Scrolls
 e - 3 scrolls of poison
 j - 9 scrolls of teleportation
 p - 3 scrolls of vulnerability
 s - 3 scrolls of immolation
 w - 8 scrolls of fear
 x - 2 scrolls of identify
 y - a scroll of blinking
 z - 5 scrolls of revelation
 B - a scroll of silence
 N - a scroll of fog
Potions
 b - 4 potions of lignification
 d - 2 potions of haste
 f - 2 potions of attraction
 k - 5 potions of curing
 m - 2 potions of enlightenment
 r - 3 potions of heal wounds
 u - a potion of cancellation
 v - 2 potions of resistance
 A - 5 potions of might
 G - 3 potions of mutation
 K - 2 potions of magic
 M - 2 potions of invisibility
 Q - 3 potions of berserk rage
 V - 2 potions of ambrosia
Miscellaneous
 h - a phial of floods
 D - a condenser vane
 U - a lightning rod (4/4)


   Skills:
 - Level 14.0 Fighting
 - Level 4.3 Throwing
 - Level 20.0 Unarmed Combat
 - Level 5.0 Evocations
 + Level 16.1 Shapeshifting


You had 16 spell levels left.
You didn't know any spells.
Your spell library contained the following spells:

 Spells                   Type           Power      Damage    Failure   Level
 Foxfire                  Conj/Fire      0%         2x1d4     50%         1
 Magic Dart               Conj           0%         1d3       50%         1
 Shock                    Conj/Air       0%         1d3       50%         1
 Cigotuvi's Dreadful Rot  Necr/Pois/Air  0%         N/A       65%         2
 Poisonous Vapours        Pois/Air       0%         N/A       65%         2
 Dazzling Flash           Conj/Hex       0%         N/A       86%         3
 Hailstorm                Conj/Ice       0%         3d3       86%         3
 Mephitic Cloud           Conj/Pois/Air  0%         N/A       86%         3
 Portal Projectile        Hex/Tloc       0%         N/A       86%         3
 Swiftness                Air            0%         N/A       86%         3
 Volatile Blastmotes      Fire/Tloc      0%         2d10      86%         3
 Airstrike                Air            0%         2d(0-16)  99%         4
 Dispel Undead            Necr           0%         3d6       99%         4
 Fulminant Prism          Conj/Hex       0%         3d5       99%         4
 Iskenderun's Mystic Bla  Conj/Tloc      0%         2d3       99%         4
 Leda's Liquefaction      Hex/Erth       0%         N/A       99%         4
 Alistair's Intoxication  Tmut/Pois      0%         N/A       100%        5
 Borgnjor's Vile Clutch   Necr/Erth      0%         N/A       100%        5
 Freezing Cloud           Conj/Ice/Air   0%         6-21      100%        5
 Lee's Rapid Deconstruct  Erth           0%         3d4*      100%        5
 Conjure Ball Lightning   Conj/Air       0%         3x3d6     100%        6
 Eringya's Noxious Bog    Tmut/Pois      0%         4d6       100%        6
 Leda's Unmaking          Conj/Erth      0%         9d1       100%        6
 Plasma Beam              Fire/Air       0%         2x1d10    100%        6
 Starburst                Conj/Fire      0%         6d3       100%        6
 Discord                  Hex            0%         N/A       100%        8
 Disjunction              Tloc           0%         N/A       100%        8
 Maxwell's Capacitive Co  Air            0%         ∞         100%        8
 Call Imp                 Summ           Unusable   N/A       N/A         2
 Tukima's Dance           Hex            Unusable   N/A       N/A         3
 Animate Armour           Summ/Erth      Unusable   N/A       N/A         4
 Summon Ice Beast         Ice/Summ       Unusable   N/A       N/A         4
 Summon Lightning Spire   Summ/Air       Unusable   N/A       N/A         4
 Death Channel            Necr           Unusable   N/A       N/A         6
 Simulacrum               Ice/Necr       Unusable   N/A       N/A         6

Dungeon Overview and Level Annotations

Branches:
Dungeon (15/15)            Temple (1/1) D:5            Lair (5/5) D:8
  Swamp (2/4) Lair:2        Snake (0/4) Lair:2          Orc (2/2) D:11
    Elf (3/3) Orc:2        Vaults (0/5) D:14         Depths (0/4) D:15
Ossuary (visited)          Bailey (visited)           IceCv (visited)
Volcano (visited)         Gauntlet (visited)
  Slime: Lair:4-5

Altars:
Ashenzari
Cheibriados
Dithmenos
Elyvilon
Gozag
Kikubaaqudgha
Makhleb
Nemelex Xobeh
Okawaru
Qazlal
Ru
Sif Muna
Trog
Uskayaw
Vehumet
Wu Jian
Xom
Zin
The Shining One

Shops:
D:12 !   Orc:2 (::*[   Elf:1 !

Annotations:
D:4 Dig
D:14 3 runed translucent doors, ragingrage's ghost, journeyman TrSh
Lair:3 1 exclusion
Elf:2 3 runed translucent doors
Elf:3 1 runed translucent door, ragingrage's ghost, adept TrSh


Innate Abilities, Weirdness & Mutations

You are an enormous anaconda.
You have a powerful constriction melee attack.
You are amphibious.
Your maximum health is increased.
Your armour is entirely melded.
You are incapable of wielding weapons or throwing items.
You are too large for most types of armour.
((You have claws for hands.))
Your natural rate of healing is unusually fast.
((You are covered in fur. (AC +1)))
((You have tough skin. (AC +1)))
You cannot be stealthy.
You are hated by all.
Your cowardice makes you less effective in combat with threatening foes.
You cannot train Dodging skill.
You cannot train Armour skill.


Message History

You crush the alligator!!!
You kill the alligator!
The alligator bites you!
The alligator tail-slaps you but does no damage.
You enter the shallow water.
The spriggan rider hits you from afar with a +1 spear of flaming.
The spriggan rider burns you.
The alligator bites you but does no damage.
The alligator tail-slaps you but does no damage.
A goliath frog comes into view.
Monsters!
Monsters everywhere!
You have to get out of here!
The spriggan rider hits you from afar with a +1 spear of flaming!
* * * LOW HITPOINT WARNING * * *
The spriggan rider burns you.
* * * LOW HITPOINT WARNING * * *
The spriggan rider barely misses you. The alligator bites you.
* * * LOW HITPOINT WARNING * * *
You focus your inner power and blind the alligator in retribution!
The alligator tail-slaps you!
* * * LOW HITPOINT WARNING * * *
You redirect the spriggan druid's attack!
The spriggan rider hits you from afar with a +1 spear of flaming!
* * * LOW HITPOINT WARNING * * *
The spriggan rider burns you.
* * * LOW HITPOINT WARNING * * *
The alligator bites you but does no damage.
You block the alligator's attack.
An alligator comes into view.
You block the goliath frog's attack. The alligator bites you!!
* * * LOW HITPOINT WARNING * * *
The alligator tail-slaps you but does no damage.
Okay, then.
Blink to where?
Press: ? - help, Dir - move target
As you read the scroll of blinking, it crumbles to dust.
The alligator is no longer blind.
The goliath frog hits you from afar!
* * * LOW HITPOINT WARNING * * *
The acid corrodes you!
You are splashed with acid!
You die...

~~.~...~~~~)~~~..~~~~♣..♣
♣†..)~~~†.~~~.~.~.♣~
♣♣♣.~~~~t.~~~..~~...
♣~i~~~~.~~t~.~~~~♣
♣~~~~~†....~.~~~.♣
♣~i~~~~~~§...~~~.♣
♣♣tF.~~~~~...~~§..
♣~♣♣..~~§~.....~~
♣S..~..~~..~♣♣~~~
♣..~♣♣♣~~♣♣♣♣ ♣.. ♣♣♣♣♣
♣♣♣


You could see 2 alligators, a spriggan rider, a spriggan druid and a goliath
frog.

Vanquished Creatures
  3 deep elf master archers (Elf:3)
  4 deep elf blademasters (Elf:3)
  Gastronok (Lair:1)
  Kirke (Lair:4)
  4 deep elf sorcerers (Elf:3)
  2 orc warlords (Orc:2)
  7 deep elf elementalists
  An eleionoma (Swamp:2)
  4 deep elf demonologists (Elf:3)
  6 deep elf annihilators (Elf:3)
  A bunyip (Swamp:1)
  A minotaur (Gauntlet)
  Snorg (Lair:5)
  3 deep elf death magi (Elf:3)
  Josephine (D:12)
  4 deep elf high priests (Elf:3)
  A fire dragon (Lair:5)
  2 ogre magi
  8 vault guards (D:14)
  3 hydras
  2 catoblepae
  8 centaur warriors
  20 dancing weapons
  Erica (D:9)
  4 tengu warriors
  3 boulder beetles
  4 alligators (Swamp:2)
  4 two-headed ogres
  6 orc high priests
  3 death yaks (Lair:5)
  A vampire mage (D:15)
  Nergalle (D:11)
  12 deep elf knights
  A skyshark (Lair:4)
  2 skeletal warriors
  3 goliath frogs
  A storm dragon skeleton (D:15)
  A swamp dragon (Swamp:1)
  A spriggan druid (Swamp:2)
  7 bog bodies
  A lindwurm (Lair:5)
  5 wizards (Volcano)
  12 deep elf archers
  19 deep elf zephyrmancers
  A necromancer (D:15)
  6 orc knights
  21 deep elf pyromancers
  A frost giant zombie (D:15)
  4 cyclopes
  4 orc sorcerers
  2 manticores
  2 will-o-the-wisps (Swamp:1)
  15 ugly things
  4 elephants (Lair:4)
  5 toenail golems (Volcano)
  2 molten gargoyles (Lair:5)
  3 ice statues
  A stone giant skeleton (D:15)
  5 black mambas
  4 torpor snails
  6 rime drakes
  14 cane toads
  4 gargoyles
  2 kobold demonologists (D:11)
  2 unseen horrors (D:11)
  A spriggan zombie (D:15)
  7 komodo dragons
  A yaktaur (D:13)
  A tengu conjurer (Gauntlet)
  A guardian mummy (D:15)
  11 trolls
  2 bloated husks (Swamp:2)
  A hornet (Swamp:2)
  18 blink frogs
  3 polar bears
  A tyrant leech (Swamp:1)
  10 dream sheep
  Grinder (D:6)
  6 slime creatures (D:12)
  3 air elementals
  4 spriggans
  3 shadows
  47 yaks
  5 basilisks
  3 water elementals
  3 vampires
  7 wyverns
  5 hogs (Lair:4)
  A human (Lair:4)
  9 wraiths
  A wyvern (shapeshifter) (Elf:3)
  2 fire elementals
  3 small abominations (Gauntlet)
  3 steam dragons
  8 vampire mosquitoes
  A redback (D:13)
  A harpy simulacrum (IceCv)
  6 swamp worms
  10 wargs
  3 nagas (Lair:2)
  17 water moccasins
  2 acid dragons
  4 hell hounds (Lair:5)
  31 orc warriors
  3 black bears
  8 wolves
  12 ogres
  10 centaurs
  3 phantoms
  11 kobold brigands
  An elf zombie (Ossuary)
  3 earth elementals
  5 bullfrogs
  5 necrophages (D:6)
  2 scorpions
  A cane toad simulacrum (IceCv)
  4 wights (D:7)
  5 killer bees (D:11)
  2 elephant simulacra (IceCv)
  6 electric eels
  4 howler monkeys
  2 centaur zombies (Ossuary)
  4 lava snakes (Lair:5)
  3 hounds
  2 human zombies (Ossuary)
  17 orc priests
  Crazy Yiuf (D:4)
  Jessica (D:3)
  3 iguanas
  22 orc wizards
  A polar bear simulacrum (IceCv)
  A killer bee zombie (D:6)
  4 hound zombies (Ossuary)
  3 mummies (Ossuary)
  12 adders
  A shadow imp (D:6)
  2 white imps
  An adder zombie (Ossuary)
  4 worms
  3 dart slugs
  56 orcs
  8 endoplasms
  4 giant cockroaches
  2 gnoll zombies (Ossuary)
  12 goblins
  3 hobgoblins
  4 jackals (D:1)
  A quokka (D:1)
  12 ball pythons
  5 bats
  2 frilled lizards (D:1)
  3 goblin zombies (Ossuary)
  4 hobgoblin zombies (Ossuary)
  3 jackal zombies (Ossuary)
  28 kobolds
  3 kobold zombies (Ossuary)
  2 orc zombies (Ossuary)
  4 quokka zombies (Ossuary)
  6 rats
  4 rat zombies (Ossuary)
872 creatures vanquished.

Vanquished Creatures (others)
  An alligator (Swamp:2)
  A deep elf knight (Elf:1)
  A komodo dragon (D:11)
  A hog (Lair:4)
  2 orcs
  2 kobolds
  4 foxfires (Swamp:1)
12 creatures vanquished.

Grand Total: 884 creatures vanquished

Notes
Turn   | Place    | Note
-------+----------+-------------------------------------------
     0 | D:1      | ragingrage the Troll Shapeshifter began the quest for the
                  | Orb.
     0 | D:1      | Reached XP level 1. HP: 19/19 MP: 0/0
    77 | D:1      | Reached XP level 2. HP: 25/27 MP: 1/1
   219 | D:1      | Reached skill level 3 in Unarmed Combat
   353 | D:1      | Reached XP level 3. HP: 30/33 MP: 2/2
  1051 | D:2      | Reached XP level 4. HP: 31/41 MP: 3/3
  1460 | D:2      | Reached skill level 4 in Unarmed Combat
  1699 | D:3      | Found a shadowy altar of Dithmenos.
  1800 | D:3      | Found a faded altar of an unknown god.
  1853 | D:3      | Found an iron altar of Okawaru.
  1996 | D:3      | Noticed Jessica
  2004 | D:3      | Killed Jessica
  2005 | D:3      | Reached XP level 5. HP: 47/48 MP: 4/4
  2381 | D:3      | Found an opulent altar of Gozag.
  2412 | D:3      | Found a burning altar of Makhleb.
  2736 | D:4      | Reached skill level 5 in Unarmed Combat
  2791 | D:4      | Reached XP level 6. HP: 53/55 MP: 5/5
  2982 | D:4      | Found a sparkling altar of Nemelex Xobeh.
  2991 | D:4      | Noticed a +0 dagger
  2991 | D:4      | Noticed a +0 dagger
  2992 | D:4      | Found a hide-covered altar of Uskayaw.
  3012 | D:4      | Found a white marble altar of Elyvilon.
  3012 | D:4      | Found a glowing silver altar of Zin.
  3012 | D:4      | Found a glowing golden altar of the Shining One.
  3059 | D:4      | Found a runed translucent door.
  3060 | D:4      | Noticed Crazy Yiuf
  3108 | D:4      | Found a shimmering blue altar of Sif Muna.
  3482 | D:5      | Entered Level 5 of the Dungeon
  3543 | D:5      | Reached skill level 6 in Unarmed Combat
  3630 | D:5      | Reached XP level 7. HP: 55/62 MP: 6/6
  3777 | D:5      | Found a staircase to the Ecumenical Temple.
  3782 | D:5      | Reached skill level 7 in Unarmed Combat
  3782 | D:5      | Reached skill level 5 in Shapeshifting
  3785 | Temple   | Entered the Ecumenical Temple
  3871 | Temple   | Became a worshipper of Ru the Awakened
  4199 | D:6      | Reached XP level 8. HP: 46/70 MP: 7/7
  4280 | D:6      | Reached skill level 8 in Unarmed Combat
  4296 | D:6      | Noticed Grinder
  4322 | D:6      | Killed Grinder
  4342 | D:6      | Found a radiant altar of Vehumet.
  4344 | D:6      | Identified the +7 triple sword "Miutz" {heavy, rF+ Str+3
                  | Dex+4 Stlth-}
  4510 | D:6      | Found a blossoming altar of Fedhas.
  4560 | D:6      | Reached skill level 9 in Unarmed Combat
  4754 | D:6      | Found a snail-covered altar of Cheibriados.
  4945 | D:6      | Reached XP level 9. HP: 68/73 MP: 8/8
  4986 | D:7      | Reached skill level 10 in Unarmed Combat
  5580 | D:7      | Reached skill level 11 in Unarmed Combat
  5691 | D:7      | Gained mutation: You are hated by all. [Ru sacrifice]
  5691 | D:7      | Reached * piety under Ru
  5691 | D:7      | Reached ** piety under Ru
  6114 | D:8      | Found a flagged portal.
  6152 | Bailey   | Entered a bailey
  6192 | Bailey   | Reached XP level 10. HP: 65/85 MP: 9/9
  6270 | Bailey   | Reached skill level 1 in Throwing
  6270 | Bailey   | Reached skill level 12 in Unarmed Combat
  6285 | Bailey   | HP: 1/85 [orc warrior/+0 battleaxe (9)]
  6380 | Bailey   | Found a bloodstained altar of Trog.
  6457 | D:8      | Found a staircase to the Lair.
  6489 | D:8      | Found a sand-covered staircase.
  6493 | Ossuary  | Entered an ossuary
  7356 | D:9      | Gained mutation: You cannot train Dodging skill. [Ru
                  | sacrifice]
  7356 | D:9      | Reached *** piety under Ru
  7626 | D:9      | Noticed Erica
  7636 | D:9      | Killed Erica
  8464 | Lair:1   | Entered Level 1 of the Lair of Beasts
  8527 | Lair:1   | Noticed a torpor snail
  8533 | Lair:1   | Noticed a cane toad
  8536 | Lair:1   | Reached skill level 13 in Unarmed Combat
  8542 | Lair:1   | Killed a torpor snail
  8544 | Lair:1   | Killed a cane toad
  8648 | Lair:1   | Noticed Gastronok
  8649 | Lair:1   | Noticed a cane toad
  8657 | Lair:1   | Killed a cane toad
  8658 | Lair:1   | Reached XP level 11. HP: 58/92 MP: 10/10
  8911 | Lair:1   | Reached skill level 14 in Unarmed Combat
  9012 | Lair:1   | Killed Gastronok
  9192 | Lair:1   | Reached skill level 10 in Shapeshifting
  9568 | Lair:2   | Noticed a seven-headed hydra
  9579 | Lair:2   | Killed a seven-headed hydra
  9706 | Lair:2   | Noticed a catoblepas
  9727 | Lair:2   | Killed a catoblepas
  9827 | Lair:2   | Gained mutation: You cannot be stealthy. [Ru sacrifice]
  9964 | Lair:2   | Reached XP level 12. HP: 97/100 MP: 11/11
 10023 | Lair:2   | Found a staircase to the Snake Pit.
 10457 | Lair:2   | Found a shimmering altar of Xom.
 10471 | Lair:2   | Found a staircase to the Swamp.
 10896 | Lair:3   | Noticed a four-headed hydra
 10915 | Lair:3   | Killed a four-headed hydra
 10975 | Lair:3   | Found a gate leading to a gauntlet.
 11038 | Lair:3   | Identified the +3 falchion "Fahorex" {freeze, Contam Str+2
                  | Dex+5}
 11071 | Gauntlet | Entered a Gauntlet
 11071 | Gauntlet | Found a transporter.
 11071 | Gauntlet | Found a transporter.
 11071 | Gauntlet | Found a transporter.
 11074 | Gauntlet | Found a transporter.
 11075 | Gauntlet | Found a transporter.
 11079 | Gauntlet | Noticed a catoblepas
 11079 | Gauntlet | Noticed a ghost crab
 11085 | Gauntlet | Found a transporter.
 11099 | Gauntlet | Found a transporter.
 11107 | Gauntlet | Found a transporter.
 11124 | Gauntlet | Found a transporter.
 11132 | Gauntlet | Found a transporter.
 11147 | Gauntlet | Noticed a tengu warrior
 11150 | Gauntlet | Found a transporter.
 11202 | Gauntlet | Found a transporter.
 11337 | Gauntlet | Killed a catoblepas
 11401 | Gauntlet | Killed a tengu warrior
 11437 | Gauntlet | Reached skill level 5 in Fighting
 11520 | Gauntlet | Identified the +7 great mace of Raiday {spect, rElec rN+
                  | Str+3 Int-2}
 11520 | Gauntlet | Noticed a minotaur
 11523 | Gauntlet | Killed a minotaur
 11581 | Gauntlet | Identified the +3 lajatang of Disaster {freeze, *Corrode
                  | rElec MP+9 Dex+3}
 11632 | Lair:3   | Gained mutation: You cannot train Armour skill. [Ru
                  | sacrifice]
 11632 | Lair:3   | Reached **** piety under Ru
 11632 | Lair:3   | Reached ***** piety under Ru
 12014 | D:4      | Killed Crazy Yiuf
 12244 | D:10     | Entered Level 10 of the Dungeon
 13067 | Lair:3   | Noticed a boulder beetle
 13079 | Lair:3   | Killed a boulder beetle
 13080 | Lair:3   | Reached XP level 13. HP: 121/127 MP: 12/12
 13301 | Lair:3   | Found the +8 whip "Snakebite" {venom, curare, rPois}
 14039 | Lair:4   | Reached skill level 1 in Evocations
 14150 | Lair:4   | Gained mutation: Your cowardice makes you less effective in
                  | combat with threatening foes. [Ru sacrifice]
 14150 | Lair:4   | Reached ****** piety under Ru
 14193 | Lair:4   | Noticed Kirke
 14218 | Lair:4   | Killed Kirke
 14781 | Lair:5   | Entered Level 5 of the Lair of Beasts
 14823 | Lair:5   | Reached skill level 10 in Fighting
 15007 | Lair:5   | Found a large runed translucent door.
 15023 | Lair:5   | Noticed Snorg
 15036 | Lair:5   | Killed Snorg
 15371 | Lair:5   | Noticed a fire dragon
 15373 | Lair:5   | Found a large runed translucent door.
 15391 | Lair:5   | Reached XP level 14. HP: 124/146 MP: 13/13
 16182 | D:11     | Found a staircase to the Orcish Mines.
 16419 | D:11     | Noticed Nergalle
 16430 | D:11     | Killed Nergalle
 16716 | D:12     | Found Inwirhot's Distillery.
 16745 | D:12     | Bought a potion of heal wounds for 75 gold pieces
 16791 | D:12     | Found a frozen archway.
 16810 | IceCv    | Entered an ice cave
 16820 | IceCv    | Reached skill level 5 in Evocations
 16827 | IceCv    | Found a transporter.
 16837 | IceCv    | Found a transporter.
 16862 | IceCv    | Identified the +4 orcbow "Troll's Regret" {antimagic, rF-
                  | rCorr Str-5 SInv}
 17195 | Orc:1    | Entered Level 1 of the Orcish Mines
 17697 | Orc:2    | Entered Level 2 of the Orcish Mines
 17720 | Orc:2    | Noticed an orc warlord
 17731 | Orc:2    | Killed an orc warlord
 17903 | Orc:2    | Found Poserah's General Store.
 17933 | Orc:2    | Found Zyvveit's Book Boutique.
 17976 | Orc:2    | Found Pearum's Antique Weapon Boutique.
 18031 | Orc:2    | Found a staircase to the Elven Halls.
 18032 | Orc:2    | Found Ufficwual's Book Shop.
 18077 | Orc:2    | Noticed an orc warlord
 18090 | Orc:2    | Killed an orc warlord
 18116 | Orc:2    | Found a dark tunnel.
 18125 | Volcano  | Entered a volcano
 18152 | Volcano  | Reached skill level 15 in Unarmed Combat
 18682 | Orc:2    | Found Yseocwa's Antique Armour Shop.
 18749 | Orc:2    | Bought a scroll of blinking for 82 gold pieces
 19133 | D:12     | Reached XP level 15. HP: 159/159 MP: 14/14
 19428 | D:12     | Reached skill level 16 in Unarmed Combat
 19778 | D:12     | Noticed Josephine
 19789 | D:12     | Killed Josephine
 19852 | D:12     | Found the +0 toga "Victory" {*Victory Clar}
 20520 | D:13     | Reached skill level 17 in Unarmed Combat
 20576 | D:13     | You fall into a shaft and drop 2 floors!
 20576 | D:15     | Entered Level 15 of the Dungeon
 20747 | D:15     | Found a staircase to the Depths.
 21090 | D:14     | Reached skill level 18 in Unarmed Combat
 21259 | D:14     | Found a gate to the Vaults.
 21469 | D:14     | Found a runed translucent gate.
 21469 | D:14     | Found a runed translucent gate.
 21470 | D:14     | Found a runed translucent gate.
 21471 | D:14     | Noticed ragingrage's ghost (journeyman TrSh)
 21899 | D:14     | Identified the ring "Joumacvekh" {rPois rN++ Str+6 SInv}
 21906 | D:14     | Identified the +0 ring mail of Lifelessness {Will+}
 22674 | Elf:1    | Entered Level 1 of the Elven Halls
 22771 | Elf:1    | Found Zotah's Distillery.
 22782 | Elf:1    | Bought a potion of resistance for 160 gold pieces
 22782 | Elf:1    | Bought a potion of resistance for 160 gold pieces
 22782 | Elf:1    | Bought a potion of berserk rage for 80 gold pieces
 22836 | Elf:1    | Paralysed by an air elemental for 1 turns
 22845 | Elf:1    | Reached XP level 16. HP: 172/172 MP: 15/15
 24101 | Elf:2    | Paralysed by an air elemental for 1 turns
 24113 | Elf:2    | Paralysed by an air elemental for 1 turns
 24296 | Elf:2    | Found a runed translucent gate.
 24297 | Elf:2    | Found a runed translucent gate.
 24297 | Elf:2    | Found a runed translucent gate.
 24741 | Elf:3    | Entered Level 3 of the Elven Halls
 25436 | Elf:3    | Reached skill level 19 in Unarmed Combat
 25841 | Elf:3    | Reached XP level 17. HP: 146/165 MP: 7/16
 25848 | Elf:3    | Found a runed translucent door.
 25850 | Elf:3    | Noticed ragingrage's ghost (adept TrSh)
 25854 | Elf:3    | Noticed a Hell Sentinel
 26088 | Elf:3    | Noticed a deep elf master archer
 26093 | Elf:3    | Killed a deep elf master archer
 26112 | Elf:3    | Reached skill level 15 in Shapeshifting
 26403 | Elf:3    | Identified the ring "Doteaxoor" {Contam rCorr Str+2 Dex+3}
 26403 | Elf:3    | Noticed a deep elf blademaster
 26416 | Elf:3    | Killed a deep elf blademaster
 26509 | Elf:3    | Noticed a deep elf master archer
 26515 | Elf:3    | Killed a deep elf master archer
 26577 | Elf:3    | Noticed a deep elf blademaster
 26724 | Elf:3    | Killed a deep elf blademaster
 26738 | Elf:3    | Noticed a deep elf blademaster
 26747 | Elf:3    | Killed a deep elf blademaster
 26835 | Elf:3    | Noticed a deep elf master archer
 26850 | Elf:3    | Killed a deep elf master archer
 26950 | Elf:3    | Identified the +1 war axe of Locus Delicti {elec, *Slow
                  | rPois Int+2 SInv}
 26962 | Elf:3    | Identified the +6 whip of the Lair of Beasts {spect, rElec
                  | Dex+2 SInv}
 26962 | Elf:3    | Identified the +1 robe of the Cobbler {Str-3 Int+3 Slay+3
                  | Archmagi}
 26962 | Elf:3    | Identified the ring "Ozxasice" {+Blink Dex+6 Stlth+}
 27037 | Elf:3    | Noticed a deep elf blademaster
 27047 | Elf:3    | Killed a deep elf blademaster
 27151 | Elf:3    | Identified the +2 lajatang of Pride {heavy, rElec Int+4
                  | SInv}
 27776 | Swamp:1  | Entered Level 1 of the Swamp
 27926 | Swamp:1  | Reached skill level 20 in Unarmed Combat
 28379 | Swamp:2  | HP: 8/207 [alligator (20)]
 28381 | Swamp:2  | HP: 3/207 [goliath frog (9)]
 28381 | Swamp:2  | Splashed by a goliath frog's acid

Illustrated notes

Levels and vault maps discovered:
D:1:      dpeg_arrival_leaves_temple_mockup, layout_loops_cross,
          minmay_lizard_pond
D:2:      layout_basic, minmay_pentomino_p4
D:3:      layout_basic, mainiacjoe_overflow_catwalk,
          mainiacjoe_overflow_two_lobes, nicolae_dithmenos_shadow_blocks,
          ebering_ecumenical_altar_sacrificial, uniq_jessica
D:4:      layout_basic, good_gods_mini_temple,
          mainiacjoe_overflow_cross_hatched, kennysheep_little_box,
          dancing_weapons_uskayaw, serial_glass, glass_columns_c,
          glass_columns_a, due_unseen_surprise, feat_on_display,
          feat_on_display, uniq_crazy_yiuf_cottage
D:5:      layout_rooms, minmay_temple_entry_statues_pillars
D:6:      layout_rooms, nicolae_vehumet_radiance, cheibrodos_worm_habitat,
          fedhas_altar_decomposition, uniq_grinder
D:7:      layout_loops_ring
D:8:      hellmonk_destroyed_diamonds, layout_loops_cross,
          nicolae_ossuary_entry_false_entrances, enter_bailey_2
D:9:      layout_basic, uniq_erica
D:10:     layout_roguey, chequers_serial_rivers_room_b
D:11:     layout_stronghold, minmay_orc_entry_guard_dogs, uniq_nergalle
D:12:     layout_cave_pools, serial_bayou, serial_bayou_crossing,
          serial_bayou_pond_a, serial_bayou_shore_a, serial_bayou_ford_a,
          portal_ice_cave_entry_pillars_2, kennysheep_small_square,
          uniq_josephine
D:13:     layout_cave_pools, minmay_hollow_rounded_squares
D:14:     layout_loops_ring, erik_vaults_2, minmay_door_square,
          biasface_ghost_orc_armoury, hangedman_decor_peaks_small,
          minmay_misc_feat_pillars, amcnicky_mini_rare_corridor_liquid
D:15:     gammafunk_depths_entry_grave, layout_long_grid,
          chequers_serial_rivers_room_a
Temple:   dpeg_three_leaves_temple
Lair:1:   layout_long_grid, chequers_serial_rivers_micro_d, lemuel_fruit_tree,
          infiniplex_staircase_pool, uniq_gastronok
Lair:2:   wad_woods_stonehenge, layout_cave_pods, skrybe_swamp_entry_bodies,
          guppyfry_snake_entry_island, minivault_27, fungi_pond_lemuel,
          grunt_forest_large_clearings
Lair:3:   minmay_guarded_unrand_snakebite, layout_cave_shapes,
          gauntlet_entry_generic, minmay_holes
Lair:4:   layout_regular_city, uniq_kirke
Lair:5:   cheibrodos_lair_end_hotspot, layout_gridlike, slime_entry_1,
          uniq_snorg
Swamp:1:  layout_basic_swamp, evilmike_swamp_ruin_house_6
Swamp:2:  layout_basic_swamp, ebering_ghost_disaster_area,
          evilmike_swamp_ruin_rubble_1, swamp_pool1
Orc:1:    layout_diamond_mine, basic_altar
Orc:2:    grunt_orc_gardens, layout_caves, grunt_orc_garden, grunt_orc_garden,
          grunt_orc_garden, grunt_orc_garden, enter_volcano_4, serial_shops,
          nicolae_square_shop
Elf:1:    layout_loops_corners, serial_shops, shop, hangedman_corner_corridor,
          palyth_stone_intersect
Elf:2:    nicolae_elf_blades_crystal_corner, layout_loops_ring
Elf:3:    minmay_elf_hall_statues, layout_onion_city,
          hellmonk_ghost_happy_afterlife, corexii_checkpoint_a

Skill      XL: |  1  2  3  4  5  6  7  8  9 10 11 12 13 14 15 16 17 |
---------------+----------------------------------------------------+-----
Unarmed Combat | 3 4 5 6 7 9 11 13 14 15 18 19 20 | 20.0
Shapeshifting  | 4 5 6 7 8 11 12 14 16 | 16.1
Throwing       | 3 4 |  4.3
Dodging        | 0 |  0.0
Fighting       | 7 11 13 14 | 14.0
Evocations     | 4 5 |  5.0

Action                     |  1- 3 |  4- 6 |  7- 9 | 10-12 | 13-15 | 16-18 || total
---------------------------+-------+-------+-------+-------+-------+-------++-------
  Melee: Unarmed           |    99 |   118 |   199 |   468 |   867 |   363 ||  2114
         Punch             |     1 |     2 |    13 |     6 |       |     1 ||    23
         Constrict         |       |       |       |    73 |   191 |    74 ||   338
  Throw: Boomerang         |       |     4 |     7 |     3 |       |       ||    14
         Dart              |       |       |       |     2 |       |       ||     2
         Javelin           |       |       |       |     1 |       |       ||     1
 Invoke: Sacrifice Love    |       |       |     1 |       |       |       ||     1
         Sacrifice Nimblen |       |       |       |     1 |       |       ||     1
         Sacrifice Stealth |       |       |       |     1 |       |       ||     1
         Sacrifice Durabil |       |       |       |     1 |       |       ||     1
         Apocalypse        |       |       |       |       |     3 |     5 ||     8
         Sacrifice Courage |       |       |       |       |     1 |       ||     1
         Draw Out Power    |       |       |       |       |       |     1 ||     1
Ability: Begin Untransform |       |       |       |     4 |     2 |     1 ||     7
  Evoke: Condenser vane    |       |       |       |     1 |     2 |       ||     3
         Lightning rod     |       |       |       |       |     2 |       ||     2
         Wand              |       |       |       |       |       |     1 ||     1
    Use: Scroll            |       |     3 |     9 |     5 |     9 |     6 ||    32
         Potion            |       |       |     2 |     2 |       |       ||     4
   Stab: Sleeping          |       |     1 |       |       |       |       ||     1
         Invisible         |       |       |       |     1 |     4 |     1 ||     6
         Distracted        |       |       |       |     1 |     4 |     2 ||     7
         Paralysed         |       |       |       |       |     7 |     5 ||    12
         Confused          |       |       |       |       |       |     1 ||     1
 Armour: Animal skin       |    48 |    37 |    11 |       |       |       ||    96
         Robe              |       |       |    36 |    61 |       |       ||    97
         Skin              |       |       |       |   123 |   306 |   101 ||   530
  Dodge: Dodged            |    46 |    50 |    63 |   166 |   236 |    77 ||   638
  Block: Other             |       |       |       |     6 |   153 |    47 ||   206
         Reflection        |       |       |       |     1 |     9 |     6 ||    16
   Form: Anaconda          |       |       |       |     7 |     4 |     1 ||    12
         Beast             |       |       |       |     2 |       |       ||     2
         Blade             |       |       |       |       |     2 |     1 ||     3

Table legend: (Time is in decaauts)
 A = Elapsed time spent in this place.
 B = Non-inter-level travel time spent in this place.
 C = Inter-level travel time spent in this place.
 D = Time resting spent in this place.
 E = Time spent auto-exploring this place.
 F = Levels seen in this place.
 G = Mean time per level.
                   A        B        C        D        E       F      G
               +--------+--------+--------+--------+--------+-----+--------+
         Total |  28014 |  25627 |   2387 |   3707 |  16289 |  33 |  848.9 |
       Dungeon |  13853 |  12263 |   1590 |    915 |   9048 |  15 |  923.5 |
        Temple |     94 |     67 |     27 |      0 |     58 |   1 |   94.0 |
          Lair |   5525 |   5177 |    348 |    843 |   3261 |   5 | 1105.0 |
         Swamp |    537 |    518 |     19 |     25 |    337 |   2 |  268.5 |
  Orcish Mines |   1628 |   1410 |    218 |    125 |    929 |   2 |  814.0 |
   Elven Halls |   4802 |   4619 |    183 |   1487 |   2138 |   3 | 1600.7 |
       Ossuary |    250 |    250 |      0 |      0 |    147 |   1 |  250.0 |
        Bailey |    295 |    295 |      0 |     49 |     73 |   1 |  295.0 |
      Ice Cave |    238 |    238 |      0 |    167 |     13 |   1 |  238.0 |
       Volcano |    272 |    272 |      0 |      0 |    109 |   1 |  272.0 |
      Gauntlet |    515 |    515 |      0 |     95 |    175 |   1 |  515.0 |
               +--------+--------+--------+--------+--------+-----+--------+

Top non-repeatable levels by time:
   Elf:3: 2481 daAuts
  Lair:2: 1571 daAuts
   Elf:1: 1441 daAuts
     D:9: 1269 daAuts
     D:8: 1096 daAuts
     D:6: 1094 daAuts
  Lair:1: 1073 daAuts
     D:4: 1062 daAuts
     D:3: 1062 daAuts
  Lair:3: 1045 daAuts
    D:14: 990 daAuts
  Lair:4: 978 daAuts
   Orc:2: 968 daAuts
    D:12: 950 daAuts
    D:11: 945 daAuts
